 Dungeon Crawl Stone Soup version 0.31-a0-986-g5e6e4ef867 (webtiles) character file.

Game seed: 9678997247622380941

685 Jeffwins the Ruffian (level 7, -4/36 HPs)
             Began as a Vine Stalker Shapeshifter on Nov 13, 2023.
             Slain by a hobgoblin
             ... wielding a +0 club
              (7 damage)
             ... on level 4 of the Dungeon.
             The game lasted 00:05:13 (3080 turns).

Jeffwins the Ruffian (Vine Stalker Shapeshifter)    Turns: 3080, Time: 00:05:13

Health: -4/36      AC:  2    Str: 16    XL:     7   Next: 62%
Magic:  0/8        EV: 13    Int: 12    God:
Gold:   227        SH:  0    Dex: 14    Spells: 6/6 levels left

rFire   . .          .
                       - Unarmed
rCold   . . .        (no shield)
rNeg    . . .        a - +0 animal skin
rPois   .            (helmet currently unavailable)
rElec   .            (cloak currently unavailable)
rCorr   .            (gloves currently unavailable)
SInv    .            (boots currently unavailable)
Will    .....        (no amulet)
Stlth   +++          (no ring)
HPRegen 1.06/turn    (no ring)
MPRegen 0.11/turn

%: guardian spirit
@: beast-form
A: beast (slay +2), fangs 2, regeneration 1, magic shield, antimagic bite, no
potion heal 2
a: Begin Untransformation


You were on level 4 of the Dungeon.
You were a hulking beast.
You visited 1 branch of the dungeon, and saw 4 of its levels.
You also visited: Ossuary.

You collected 227 gold pieces.


Innate Abilities, Weirdness & Mutations

You are a hulking beast.
Your limbs bulge with bestial killing power. (Slay +2)
You have extremely sharp teeth.
Your natural rate of healing is unusually fast.
When hurt, damage is shared between your health and your magic reserves.
Your bite disrupts and absorbs the magic of your enemies.
Potions cannot restore your health.


   Skills:
 + Level 3.0 Fighting
 + Level 3.1 Dodging
 + Level 4.0 Stealth
 * Level 5.6 Unarmed Combat
 + Level 4.1 Shapeshifting


You had 6 spell levels left.
You didn't know any spells.
Your spell library contained the following spells:

 Spells                   Type           Power      Damage    Failure   Level
 Ignite Poison            Fire/Tmut/Pois 0%         N/A       69%         3
 Sticky Flame             Conj/Fire      0%         2d3       97%         4
 Ignition                 Fire           0%         3d3       100%        8

Inventory:

Hand Weapons
 n - a +2 short sword of venom
 o - the +0 falchion "Joegh" {drain, rN+ Will+ Int+3}
   (You found it on level 3 of the Dungeon)

   Int+3:     It affects your intelligence (+3).
   rN+:       It protects you from negative energy.
   Will+:     It increases your willpower.
Armour
 a - a +0 animal skin (worn)
 v - a +0 pair of boots
Jewellery
 W - a ring of magical power
Talismans
 c - a beast talisman
 d - a flux talisman
Scrolls
 b - a scroll of noise {unknown}
 h - a scroll of identify {unknown}
 i - a scroll of revelation
 k - a scroll of amnesia {unknown}
 l - a scroll of poison {unknown}
 m - 2 scrolls of blinking {unknown}
 p - a scroll of fog {unknown}
 q - 5 scrolls of teleportation {unknown}
 w - a scroll of torment {unknown}
Potions
 e - 5 potions of mutation {unknown}
 f - 2 potions of heal wounds {unknown}
 g - a potion of might {unknown}
 j - 3 potions of brilliance {unknown}
 r - 2 potions of attraction {unknown}
 s - 2 potions of enlightenment {unknown}
 t - a potion of degeneration {unknown}
 u - 2 potions of magic {unknown}

Dungeon Overview and Level Annotations

Branches:
Dungeon (4/15)            Ossuary (visited)
 Temple: D:4-7

Altars:
Sif Muna

Shops:
D:1 *   D:2 [

Annotations:
D:4 3 runed translucent doors, Danienth's ghost, amateur TeIE; SirDiesAlot's ghost, amateur OpFE; senf's ghost, amateur VSMo; skwerlee's ghost, novice GrBe

******************
~~~~~~~~~~~~~~~~~********
~~~~~~~~~~~~~~~~~~~~~~~~****
~~~~~~~~~~~~~~~~~~*****~~~~**
▒▒▒▒▒▒▒▒***▒▒▒▒▒▒▒▒,,,*~~~~~*
.▒.....▒▒ ▒▒.....)▒,,,*~~~~~*
))......▒▒▒....)hg▒,,,*~~~~~**
▒▒.......▒.....))g▒*'**~~~~~~*
.))).....▒...........▒~~~~~~~*
.........'...........▒~~~~~~~*
.))......▒...........▒~~~~~~~**
▒▒.......▒........▒▒+▒*~~~~~~~*
)'......▒▒▒.......▒,,,▒≈≈≈≈≈≈≈#
)▒.....▒▒ ▒▒......▒,,,▒≈≈≈≈≈≈≈#
▒▒▒▒▒▒▒▒▒▒▒▒▒▒▒▒▒▒▒,,,▒≈≈≈≈≈≈≈#


You could see a hobgoblin and a goblin.


Message History

* * * LOW HITPOINT WARNING * * *
The hobgoblin hits you with a +0 club.
* * * LOW HITPOINT WARNING * * *
You punch the goblin!
You kill the goblin!
Unknown command.
You barely miss the goblin. You bite the goblin, but do no damage.
The goblin closely misses you. The goblin misses you. The hobgoblin misses you.
Unknown command.
You closely miss the goblin. Your bite misses the goblin.
The goblin closely misses you. The goblin hits you with a +0 club.
* * * LOW HITPOINT WARNING * * *
The hobgoblin hits you with a +0 club.
* * * LOW HITPOINT WARNING * * *
Unknown command.
You closely miss the goblin. Your bite misses the goblin.
The goblin hits you with a +0 club.
* * * LOW HITPOINT WARNING * * *
The goblin hits you but does no damage. The hobgoblin closely misses you.
Unknown command.
You barely miss the goblin. You bite the goblin.
You kill the goblin!
The goblin barely misses you. The hobgoblin hits you with a +0 club.
* * * LOW HITPOINT WARNING * * *
Unknown command.
You barely miss the hobgoblin. Your bite misses the hobgoblin.
The goblin hits you with a +0 club.
* * * LOW HITPOINT WARNING * * *
The hobgoblin hits you with a +0 club!
You die...

Skill      XL: |  1  2  3  4  5  6  7 |
---------------+----------------------+-----
Fighting       | 1 2 3 |  3.0
Stealth        | 1 2 3 4 |  4.0
Dodging        | 2 3 |  3.1
Unarmed Combat | 4 5 |  5.6
Shapeshifting  | 4 |  4.1

Action                     |  1- 3 |  4- 6 |  7- 9 || total
---------------------------+-------+-------+-------++-------
  Melee: Unarmed           |    38 |   188 |    86 ||   312
         Bite              |    12 |    40 |    18 ||    70
         Punch             |     1 |     5 |     2 ||     8
    Use: Potion            |       |     2 |       ||     2
         Scroll            |       |     1 |       ||     1
   Stab: Sleeping          |     4 |     2 |       ||     6
 Armour: Animal skin       |    10 |    64 |    65 ||   139
         Skin              |       |   196 |       ||   196
  Dodge: Dodged            |    16 |    96 |    87 ||   199

Levels and vault maps discovered:
D:1:      dpeg_arrival_shelter, layout_basic, serial_shops, nicolae_shop_trees,
          hangedman_decor_riveting
D:2:      layout_loops_ring, serial_shops, nicolae_shop_back_alley_shop,
          shapermc_ecumenical_altar_hornbeckon, kennysheep_generic_room_16,
          uniq_jessica
D:3:      layout_rooms, mainiacjoe_overflow_boulevard, minmay_pentangle
D:4:      minmay_goblin_kobold_castle, layout_gridville,
          nicolae_ossuary_entry_plus, gammafunk_ghost_cemetery

Notes
Turn   | Place    | Note
-------+----------+-------------------------------------------
     0 | D:1      | Jeffwins the Vine Stalker Shapeshifter began the quest for
                  | the Orb.
     0 | D:1      | Reached XP level 1. HP: 9/9 MP: 2/2
    50 | D:1      | Reached skill level 1 in Fighting
   163 | D:1      | Reached XP level 2. HP: 14/14 MP: 3/3
   223 | D:1      | Reached skill level 1 in Stealth
   380 | D:1      | Reached XP level 3. HP: 18/18 MP: 4/4
   507 | D:1      | Found Googysk's General Store.
   874 | D:2      | Noticed Jessica
   894 | D:2      | Killed Jessica
   895 | D:2      | Reached skill level 2 in Dodging
   917 | D:2      | Found Sodwuafu's Armour Shoppe.
  1026 | D:2      | Reached XP level 4. HP: 22/22 MP: 5/5
  1239 | D:2      | Reached skill level 2 in Stealth
  1371 | D:2      | Found a faded altar of an unknown god.
  1540 | D:3      | Reached skill level 4 in Unarmed Combat
  1540 | D:3      | Reached XP level 5. HP: 23/26 MP: 3/6
  1614 | D:3      | Identified the +0 falchion "Joegh" {drain, rN+ Will+ Int+3}
  1622 | D:3      | Found a shimmering blue altar of Sif Muna.
  1649 | D:3      | Reached skill level 2 in Fighting
  1992 | D:4      | Found a sand-covered staircase.
  1998 | Ossuary  | Entered an ossuary
  2042 | Ossuary  | Reached XP level 6. HP: 10/30 MP: 2/7
  2053 | Ossuary  | Reached skill level 3 in Stealth
  2481 | D:4      | Found a runed translucent gate.
  2481 | D:4      | Found a runed translucent gate.
  2481 | D:4      | Found a runed translucent gate.
  2483 | D:4      | Noticed Danienth's ghost (amateur TeIE)
  2485 | D:4      | Noticed skwerlee's ghost (novice GrBe)
  2485 | D:4      | Noticed SirDiesAlot's ghost (amateur OpFE)
  2486 | D:4      | Noticed senf's ghost (amateur VSMo)
  2535 | D:4      | Reached skill level 5 in Unarmed Combat
  2535 | D:4      | Reached XP level 7. HP: 33/35 MP: 8/8
  2733 | D:4      | Reached skill level 3 in Fighting
  2733 | D:4      | Reached skill level 3 in Dodging
  2733 | D:4      | Reached skill level 4 in Stealth
  2733 | D:4      | Reached skill level 4 in Shapeshifting
  3080 | D:4      | HP: 3/36 [goblin/+0 club (2)]
  3080 | D:4      | Slain by a hobgoblin

Vanquished Creatures
  An ogre (D:4)
  2 elf zombies (Ossuary)
  A scorpion (D:4)
  A human zombie (Ossuary)
  A sleepcap (D:4)
  Jessica (D:2)
  An iguana (D:4)
  An orc wizard (D:3)
  A hound zombie (Ossuary)
  4 mummies (Ossuary)
  2 adders
  5 gnolls
  3 adder zombies (Ossuary)
  2 worms (D:3)
  5 dart slugs
  8 orcs
  5 ball pythons
  7 endoplasms
  4 giant cockroaches
  A gnoll zombie (Ossuary)
  31 goblins
  10 hobgoblins
  4 jackals (D:2)
  4 kobolds
  2 quokkas (D:3)
  A bat (D:3)
  A frilled lizard (D:3)
  A jackal zombie (Ossuary)
  A kobold zombie (Ossuary)
  2 orc zombies (Ossuary)
  7 rats
120 creatures vanquished.

Table legend: (Time is in decaauts)
 A = Elapsed time spent in this place.
 B = Non-inter-level travel time spent in this place.
 C = Inter-level travel time spent in this place.
 D = Time resting spent in this place.
 E = Time spent auto-exploring this place.
 F = Levels seen in this place.
 G = Mean time per level.
                   A        B        C        D        E       F      G
               +--------+--------+--------+--------+--------+-----+--------+
         Total |   3066 |   2963 |    103 |     56 |   2195 |   5 |  613.2 |
       Dungeon |   2742 |   2639 |    103 |      0 |   2043 |   4 |  685.5 |
       Ossuary |    323 |    323 |      0 |     56 |    152 |   1 |  323.0 |
               +--------+--------+--------+--------+--------+-----+--------+

Top non-repeatable levels by time:
     D:4: 764 daAuts
     D:2: 751 daAuts
     D:1: 661 daAuts
     D:3: 565 daAuts
 Ossuary: 323 daAuts

Table legend:
 A = Non-vault XP
 B = Vault XP
 C = Vault XP percentage of total XP
 D = Non-vault monster count
 E = Vault monster count
 F = Vault count percentage of total count
                 A         B        C        D         E       F
            +---------+---------+-------+---------+---------+-------
      Total |     492 |     487 |  49.7 |      65 |      55 |  45.8
            +---------+---------+-------+---------+---------+-------
        D:1 |      34 |       0 |   0.0 |      11 |       0 |   0.0
        D:2 |      28 |      58 |  67.4 |      14 |       5 |  26.3
        D:3 |      85 |      23 |  21.3 |      23 |       6 |  20.7
        D:4 |     345 |      64 |  15.6 |      17 |      28 |  62.2
    Ossuary |       0 |     342 | 100.0 |       0 |      16 | 100.0
            +---------+---------+-------+---------+---------+-------
